 Dungeon Sprint DCSS version 0.30-a0-715-gdb4ae3ece1 (webtiles) character file.

Game seed: 5869038775248469486

440 Kuronicle the Martial Artist (level 7, -8/54 HPs)
             Began as an Octopode Monk on Jan 23, 2023.
             Succumbed to Sonja's poison
             ... in the Dungeon (Sprint I: "Red Sonja").
             The game lasted 00:01:50 (481 turns).

Kuronicle the Martial Artist (Octopode Monk)         Turns: 481, Time: 00:01:51

Health: -8/54      AC:  1    Str: 13    XL:     7   Next: 2%
Magic:  7/7        EV: 16    Int: 12    God:
Gold:   297        SH:  0    Dex: 14    Spells: 6/6 levels left

rFire   . . .      SeeInvis .      - Unarmed
rCold   . . .      Faith    .    (no shield)
rNeg    . . .      Spirit   .    (helmet restricted)
rPois   .          Reflect  .    (no amulet)
rElec   .          Harm     .    (no ring)
rCorr   .          Rampage  .    (no ring)
Will    .....      NoTele   +    (no ring)
Stlth   ++++                     (no ring)
HPRegen 0.29/turn                (no ring)
MPRegen 0.10/turn                (no ring)
                                 (no ring)
                                 (no ring)

@: lethally poisoned (-8 -> -62), slowed, very slow
A: almost no armour, amphibious, 8 rings, camouflage 1, gelatinous body 1,
(nimble swimmer 1), tentacles
a: no special abilities


You were in the Dungeon.
You visited 1 branch You collected 297 gold pieces.

Inventory:

Wands
 h - a wand of iceblast (14)
Scrolls
 g - a scroll of blinking
Potions
 a - a potion of ambrosia
 b - a potion of curing
 c - a potion of heal wounds
 d - a potion of haste
 e - 2 potions of magic
 f - a potion of berserk rage


   Skills:
 * Level 7.9 Fighting
 * Level 8.1 Dodging
 + Level 7.0 Stealth
 * Level 9.4 Unarmed Combat


You had 6 spell levels left.
You didn't know any spells.
Your spell library contained the following spells:

 Spells                   Type           Power      Damage    Failure   Level
 Sandblast                Erth           0%         2d4       32%         1
 Passwall                 Tmut/Erth      0%         N/A       45%         2
 Stone Arrow              Conj/Erth      0%         3d7       69%         3


Dungeon Overview and Level Annotations

Branches:
Dungeon (1/1)

Altars:
Cheibriados
Dithmenos
Elyvilon
Fedhas
Gozag
Hepliaklqana
Kikubaaqudgha
Nemelex Xobeh
Okawaru
Qazlal
Ru
Sif Muna
Trog
Uskayaw
Vehumet
Wu Jian
Yredelemnul
Zin
The Shining One

Shops:
D [

Annotations:
D Sonja


Innate Abilities, Weirdness & Mutations

You cannot wear most types of armour.
You are amphibious.
You can wear up to eight rings at the same time.
Your skin changes colour to match your surroundings (Stealth+).
Your rubbery body absorbs attacks. (AC +1, EV +1)
((You are camouflaged when in or above water. (Stealth+)))
You have tentacles for arms and can constrict up to eight enemies at once.


Message History

You now have 243 gold pieces (gained 27).
You now have 270 gold pieces (gained 27).
You now have 297 gold pieces (gained 27).
There is an open door here.
There is an open door, spattered with blood here.
You see here a yak corpse.
There is an entrance to Zusui's Armour Emporium here.
There is an entrance to Zusui's Armour Emporium here.
You see here a yak skeleton.
There is an open door, spattered with blood here.
You open the door.
Sonja shouts!
Sonja gestures wildly while chanting.
Sonja blinks!
There is an open door here.
Sonja drinks a potion.
Sonja suddenly seems more resistant.
Sonja throws a curare-tipped dart.
The curare-tipped dart completely misses you.
Sonja throws a curare-tipped dart.
The curare-tipped dart hits you.
You are poisoned.
You have difficulty breathing.
You feel yourself slow down.
You feel extremely sick.
Sonja hits you with a +1 short sword of venom.
Sonja closely misses you. x2
You tentacle-slap Sonja. Your grab misses Sonja. Your squeeze misses Sonja.
Sonja is lightly wounded.
You feel very sick.
Sonja hits you with a +1 short sword of venom!
You are lethally poisoned!
Sonja hits you with a +1 short sword of venom. x2
You are more poisoned.
Sonja misses you.
Sonja hits you with a +1 short sword of venom!
* * * LOW HITPOINT WARNING * * *
Sonja hits you with a +1 short sword of venom.
* * * LOW HITPOINT WARNING * * *
You are more poisoned.
You bludgeon Sonja! Your grab misses Sonja. Your squeeze misses Sonja.
Sonja is moderately wounded.
You die...

#..#####'#####'# #
#..####..#...#.#
##$?#
#..#__####..##[#~§§§
#..#_____##'#_.+~§§§
#⌠⌠#_.∩..÷'..._#~§§§c
####_..__##_.#'# +###
#_____###'#.#
#########K###


+$@$+ #$.$# ##.## #+# You could see Sonja (resistant).

Vanquished Creatures
  Sigmund (D)
  A yak (D)
  An ogre (D)
  A jelly (D)
  Ijyb (D)
5 creatures vanquished.

Notes
Turn   | Place    | Note
-------+----------+-------------------------------------------
     0 | D        | Kuronicle the Octopode Monk began the quest for the Orb.
     0 | D        | Reached XP level 1. HP: 16/16 MP: 1/1
     2 | D        | Noticed Ijyb
    13 | D        | Killed Ijyb
    14 | D        | Reached skill level 4 in Unarmed Combat
    14 | D        | Reached XP level 2. HP: 2/23 MP: 2/2
    14 | D        | Reached XP level 3. HP: 3/27 MP: 3/3
   114 | D        | Noticed an ogre
   125 | D        | Killed an ogre
   126 | D        | Reached skill level 5 in Fighting
   126 | D        | Reached skill level 5 in Dodging
   126 | D        | Reached skill level 5 in Stealth
   126 | D        | Reached skill level 6 in Unarmed Combat
   126 | D        | Reached XP level 4. HP: 35/35 MP: 4/4
   139 | D        | Noticed Sigmund
   149 | D        | Killed Sigmund
   150 | D        | Reached skill level 8 in Unarmed Combat
   150 | D        | Reached XP level 5. HP: 28/43 MP: 5/5
   150 | D        | Reached XP level 6. HP: 32/49 MP: 6/6
   225 | D        | Found an ornate altar of the Wu Jian Council.
   225 | D        | Found a shimmering blue altar of Sif Muna.
   227 | D        | Found a radiant altar of Vehumet.
   239 | D        | Found Zusui's Armour Emporium.
   239 | D        | Found an ancient bone altar of Kikubaaqudgha.
   239 | D        | Found a hazy altar of Hepliaklqana.
   239 | D        | Found a stormy altar of Qazlal.
   239 | D        | Found a hide-covered altar of Uskayaw.
   239 | D        | Found a blossoming altar of Fedhas.
   239 | D        | Found a bloodstained altar of Trog.
   239 | D        | Found an iron altar of Okawaru.
   239 | D        | Found a basalt altar of Yredelemnul.
   239 | D        | Found a glowing golden altar of the Shining One.
   239 | D        | Found a snail-covered altar of Cheibriados.
   239 | D        | Found a sacrificial altar of Ru.
   239 | D        | Found a glowing silver altar of Zin.
   239 | D        | Found a shadowy altar of Dithmenos.
   239 | D        | Found a white marble altar of Elyvilon.
   239 | D        | Noticed a yak
   240 | D        | Found an opulent altar of Gozag.
   251 | D        | Killed a yak
   252 | D        | Reached skill level 9 in Unarmed Combat
   252 | D        | Reached XP level 7. HP: 7/54 MP: 7/7
   412 | D        | Found a sparkling altar of Nemelex Xobeh.
   419 | D        | Noticed Sonja
   436 | D        | Noticed a centaur warrior
   481 | D        | Succumbed to Sonja's poison

Illustrated notes

Levels and vault maps discovered:
D:        dungeon_sprint_1 [red_sonja_temple_1, red_sonja_temple_small_1]

Skill      XL: |  1  2  3  4  5  6 |
---------------+-------------------+-----
Fighting       | 4 5 7 |  7.9
Dodging        | 4 5 7 8 |  8.1
Stealth        | 3 5 6 7 |  7.0
Unarmed Combat | 4 6 8 9 |  9.4

Action                     |  1- 3 |  4- 6 |  7- 9 || total
---------------------------+-------+-------+-------++-------
  Melee: Unarmed           |    17 |    20 |     2 ||    39
         Tentacles         |     4 |     6 |       ||    10
         Punch             |     3 |     1 |       ||     4
         Constrict         |     1 |     1 |       ||     2
    Use: Scroll            |       |       |     1 ||     1
   Stab: Sleeping          |     2 |     2 |       ||     4
 Armour: Skin              |       |     1 |       ||     1
  Dodge: Dodged            |     9 |     6 |     4 ||    19

Table legend: (Time is in decaauts)
 A = Elapsed time spent in this place.
 B = Non-inter-level travel time spent in this place.
 C = Inter-level travel time spent in this place.
 D = Time resting spent in this place.
 E = Time spent auto-exploring this place.
 F = Levels seen in this place.
 G = Mean time per level.
                   A        B        C        D        E       F      G
               +--------+--------+--------+--------+--------+-----+--------+
         Total |    478 |    478 |      0 |    314 |      0 |   1 |  478.0 |
       Dungeon |    478 |    478 |      0 |    314 |      0 |   1 |  478.0 |
               +--------+--------+--------+--------+--------+-----+--------+

Top non-repeatable levels by time:
       D: 478 daAuts
